 Dungeon Crawl Stone Soup version 0.27.1-34-g3ba077fa99 (webtiles) character file.

Game seed: 9331233466208884773

267 zeram the Shield-Bearer (level 6, -4/36 HPs)
             Began as an Octopode Enchanter on Jan 20, 2022.
             Slain by an orc (5 damage)
             ... on level 3 of the Dungeon.
             The game lasted 00:06:47 (4153 turns).

zeram the Shield-Bearer (Octopode Enchanter)        Turns: 4153, Time: 00:06:47

Health: -4/36      AC:  1    Str:  8    XL:     6   Next: 21%
Magic:  9/9        EV: 11    Int: 19    God:
Gold:   137        SH: 10    Dex: 12    Spells: 3/9 levels left

rFire    . . .     SeeInvis .   d - +4 dagger
rCold    . . .     Faith    .   b - +1 kite shield
rNeg     . . .     Spirit   .   (helmet restricted)
rPois    .         Reflect  .   (no amulet)
rElec    .         Harm     .   (no ring)
rCorr    .         Rampage  .   (no ring)
Will     .....                  (no ring)
Stlth    ++++......             (no ring)
HPRegen  0.12/turn              (no ring)
MPRegen  0.11/turn              (no ring)
                                (no ring)
                                (no ring)

@: no status effects
A: almost no armour, amphibious, 8 rings, camouflage 1, gelatinous body 1,
(nimble swimmer 1), tentacles
a: no special abilities


You were on level 3 of the Dungeon.
You visited 1 branch of the dungeon, and saw 4 of its levels.

You collected 137 gold pieces.

Inventory:

Hand Weapons
 a - a +1 dagger
 d - a +4 dagger (weapon)
Missiles
 h - 7 javelins (quivered)
 m - 3 throwing nets
Armour
 b - a +1 kite shield (worn)
Scrolls
 i - a scroll of immolation {unknown}
Potions
 c - a potion of might {unknown}
 e - a potion of resistance {unknown}
 f - a potion of magic {unknown}
 g - a potion of attraction
 j - a potion of mutation {unknown}
 l - a potion of degeneration {unknown}


   Skills:
 - Level 1.0 Short Blades
 - Level 2.0 Dodging
 - Level 4.4 Stealth
 + Level 5.4 Shields
 - Level 2.2 Spellcasting
 - Level 3.2 Hexes


You had 3 spell levels left.
You knew the following spells:

 Your Spells              Type           Power      Damage    Failure   Level
a - Corona                Hex            15%        N/A       16%         1
b - Ensorcelled Hibernat  Hex/Ice        16%        N/A       41%         2
c - Tukima's Dance        Hex            14%        N/A       41%         3

Your spell library contained the following spells:

 Spells                   Type           Power      Damage    Failure   Level
 Confusing Touch          Hex            14%        N/A       41%         3
 Dazzling Flash           Conj/Hex       16%        N/A       65%         3
 Frozen Ramparts          Ice            4%         1d2       86%         3
 Ice Form                 Ice/Tmut       2%         N/A       99%         4
 Summon Ice Beast         Ice/Summ       2%         N/A       99%         4


Dungeon Overview and Level Annotations

Branches:
Dungeon (4/15)
 Temple: D:4-7

Altars:
Ru


Innate Abilities, Weirdness & Mutations

You cannot wear most types of armour.
You are amphibious.
You can wear up to eight rings at the same time.
Your skin changes colour to match your surroundings (Stealth+).
Your rubbery body absorbs attacks. (AC +1, EV +1)
((You are camouflaged near water. (Stealth+)))
You have tentacles for arms and can constrict up to eight enemies at once.


Message History

A steam dragon comes into view.
You block the orc's attack. The orc hits you with a +0 hand axe.
The steam dragon hisses angrily.
You hit the orc but do no damage. Your grab misses the orc.
You block the orc's attack. The orc hits you with a +0 hand axe!
The adder closely misses you.
You hit the adder. You grab the adder. You squeeze the adder.
You kill the adder!
A scorpion comes into view.
You hit the orc. Your grab misses the orc.
The orc is lightly wounded.
A centaur skeleton comes into view.
The orc hits you with a +0 club. You block the orc's attack.
Okay, then.
The steam dragon breathes steam at you.
The ball of steam hits the orc!
The orc dies!
The ball of steam hits you!!
Ouch! That really hurt!
* * * LOW HITPOINT WARNING * * *
You hear an angry hiss.
You block the orc's attack.
The orc is engulfed in a cloud of scalding steam.
The orc dies!
The orc throws a boomerang.
The boomerang closely misses you.
The scorpion is engulfed in a cloud of scalding steam.
There is a stone staircase leading up here.
You block the orc's attack.
You climb upwards.
There is a stone staircase leading down here.
You closely miss the orc. You grab the orc.
You squeeze the orc, but do no damage.
The orc is lightly wounded.
You constrict the orc, but do no damage.
You block the orc's attack. The orc hits you with a +0 club.
* * * LOW HITPOINT WARNING * * *
You hit the orc but do no damage.
The orc is lightly wounded.
You constrict the orc. The orc hits you with a +0 club.
You die...

###### ### #....#
#.. #....# #..
#....# #..
#....############..
#.@o...............
#....##############
#..................
#....##############
##.##############..
#)# #.............
#.# #.............
##.###............#
#...##............#


You could see an orc.

Vanquished Creatures
  An orc priest (D:3)
  A gnoll shaman (D:3)
  A hound (D:4)
  An iguana (D:3)
  7 adders
  3 gnolls (D:3)
  2 dart slugs
  4 orcs (D:3)
  2 ball pythons (D:1)
  6 endoplasms
  3 giant cockroaches
  5 goblins
  4 hobgoblins
  6 kobolds
  A quokka (D:1)
  3 bats
  7 frilled lizards
  2 rats
59 creatures vanquished.

Vanquished Creatures (others)
  2 orcs (D:4)
  5 demonic plants (D:1)
7 creatures vanquished.

Grand Total: 66 creatures vanquished

Notes
Turn   | Place    | Note
-------+----------+-------------------------------------------
     0 | D:1      | zeram the Octopode Enchanter began the quest for the Orb.
     0 | D:1      | Reached XP level 1. HP: 11/11 MP: 3/3
    39 | D:1      | Reached XP level 2. HP: 7/17 MP: 5/5
   394 | D:1      | Found a faded altar of an unknown god.
  1008 | D:2      | Reached skill level 1 in Shields
  1067 | D:2      | Reached XP level 3. HP: 13/21 MP: 6/6
  1309 | D:2      | Reached skill level 2 in Shields
  1735 | D:2      | Reached XP level 4. HP: 27/27 MP: 7/7
  1752 | D:2      | Reached skill level 3 in Shields
  2026 | D:2      | Found a sacrificial altar of Ru.
  2406 | D:3      | Reached XP level 5. HP: 31/31 MP: 8/8
  2482 | D:3      | Learned a level 2 spell: Ensorcelled Hibernation
  2486 | D:3      | Reached skill level 4 in Shields
  2862 | D:3      | Learned a level 3 spell: Tukima's Dance
  3797 | D:3      | Reached skill level 5 in Shields
  4084 | D:4      | Reached XP level 6. HP: 36/36 MP: 9/9
  4138 | D:4      | Noticed a steam dragon
  4152 | D:3      | HP: 1/36 [orc (4)]
  4153 | D:3      | Slain by an orc

Illustrated notes

Levels and vault maps discovered:
D:1:      dpeg_arrival_arbitrary_c, layout_rooms,
          shapermc_ecumenical_altar_flowoftime, minmay_misc_feat_rows
D:2:      layout_rooms, basic_altar, dk_vineyard_2
D:3:      layout_basic
D:4:      layout_rooms, uniq_ijyb

Skill      XL: |  1  2  3  4  5 |
---------------+----------------+-----
Shields        | 1 2 3 5 |  5.4
Short Blades   | |  1.0
Dodging        | |  2.0
Stealth        | |  4.4
Spellcasting   | |  2.2
Hexes          | |  3.2

Action                   |  1- 3 |  4- 6 || total
-------------------------+-------+-------++-------
Melee: Dagger            |    87 |    76 ||   163
       Constrict         |    18 |    15 ||    33
       Tentacles         |    13 |    13 ||    26
  Use: Scroll            |     1 |     6 ||     7
       Potion            |     1 |     1 ||     2
 Stab: Sleeping          |     4 |    12 ||    16
Armor: Skin              |     8 |     1 ||     9
Dodge: Dodged            |    31 |    18 ||    49
Block: Kite shield       |    19 |    26 ||    45
